 Dungeon Crawl Stone Soup version 0.24.0-37-gcf1ca852f1 (webtiles) character file.

Game seed: 17708995723653034018, levelgen mode: deterministic

147 Kobolds4U the Magician (level 5, -8/28 HPs)
             Began as a Deep Elf Wizard on Dec 5, 2019.
             Was an Initiate of Vehumet.
             Killed by divine providence
             ... invoked by an orc priest
              (16 damage)
             ... on level 3 of the Dungeon.
             The game lasted 00:08:45 (3353 turns).

Kobolds4U the Magician (Deep Elf Wizard)            Turns: 3353, Time: 00:08:45

Health: -8/28      AC:  3    Str:  5    XL:     5   Next: 8%
Magic:  11/14      EV: 13    Int: 23    God:    Vehumet [......]
Gold:   90         SH:  0    Dex: 13    Spells: 4/14 levels left

rFire    . . .     SeeInvis .   f - +0 short sword
rCold    + . .     Gourm    .   (no shield)
rNeg     . . .     Faith    .   a - +0 robe
rPois    .         Spirit   .   b - +0 hat
rElec    .         Reflect  .   j - +0 cloak
rCorr    .         Harm     .   (no gloves)
MR       .....                  (no boots)
Stlth    ++........             (no amulet)
HPRegen  0.09/turn              c - ring of protection from cold
MPRegen  0.14/turn              (no ring)

@: very slightly contaminated
A: no striking features
a: Renounce Religion


You were on level 3 of the Dungeon.
You worshipped Vehumet.
Vehumet was noncommittal.
You were hungry.

You visited 1 branch of the dungeon, and saw 3 of its levels.

You collected 90 gold pieces.

Inventory:

Hand Weapons
 f - a +0 short sword (weapon)
Missiles
 k - 82 stones (quivered)
 u - 5 boomerangs
Armour
 a - a +0 robe (worn)
 b - a +0 hat (worn)
 j - a +0 cloak (worn)
Jewellery
 c - a ring of protection from cold (left hand)
Scrolls
 g - a scroll of noise {unknown}
 i - 2 scrolls of remove curse {unknown}
 n - 4 scrolls of identify {unknown}
 p - a scroll of enchant weapon {unknown}
 q - a scroll of amnesia {unknown}
Potions
 e - a potion of cancellation {unknown}
 h - a potion of invisibility {unknown}
 l - 2 potions of mutation {unknown}
 m - 2 potions of heal wounds {unknown}
 o - a potion of flight {unknown}
 s - a potion of haste {unknown}
 t - a potion of curing {unknown}
Comestibles
 d - 5 rations
 r - 4 chunks of flesh


   Skills:
 * Level 4.4 Short Blades
 - Level 2.4 Dodging
 - Level 2.4 Stealth
 - Level 5.0 Spellcasting
 - Level 1.1 Conjurations
 - Level 1.1 Summonings
 - Level 1.1 Translocations


You had 4 spell levels left.
You knew the following spells:

 Your Spells              Type           Power        Failure   Level  Hunger
a - Magic Dart            Conj           ##..         6%          1    None
b - Blink                 Tloc           N/A          9%          2    None
c - Call Imp              Summ           ##......     9%          2    None
d - Slow                  Hex            #.......     14%         2    None
e - Conjure Flame         Conj/Fire      #.......     22%         3    ##.....

Your spell library contained the following spells:

 Spells                   Type           Power        Failure   Level  Hunger
 Mephitic Cloud           Conj/Pois/Air  #.......     24%         3    ##.....


Dungeon Overview and Level Annotations

Branches:
Dungeon (3/15)

Altars:
Cheibriados
Nemelex Xobeh
Uskayaw
Vehumet
Wu Jian


Message History

The orc priest calls down the wrath of Beogh upon you.
Beogh smites you! The orc barely misses you.
You hear an angry hiss.
You hit the orc.
The orc is lightly wounded.
The orc closely misses you.
You hit the orc but do no damage.
The orc is lightly wounded.
An adder comes into view.
The orc misses you.
You are feeling hungry.
You barely miss the orc.
The orc is lightly wounded.
The orc hits you with a +0 flail. The orc hits you with a +0 flail!
* * * LOW HITPOINT WARNING * * *
The orc priest calls down the wrath of Beogh upon you.
Beogh smites you!
Ouch! That really hurt!
You die...

.............# #..#
###........# #..#
.........#.# #..#
###.##'###.# #..# ###+##.#
#.# #..#
.......###.#.###..#######
.........#)#.............
......####.####..÷o######..
...........(..'.@o.o.oS....
...........####....########
......###### #....# ......#
#....# ......# #....#
......# #....# ......#
###### ......# ......#


You could see an orc priest, an adder and 3 orcs.

Vanquished Creatures
  An orc wizard (D:3)
  6 adders
  A dart slug (D:2)
  2 leopard geckos (D:2)
  3 orcs (D:3)
  8 bats
  4 giant cockroaches
  9 goblins
  4 hobgoblins
  2 jackals (D:3)
  6 kobolds
  A quokka (D:3)
  A ball python (D:1)
  4 frilled lizards (D:1)
  8 rats
60 creatures vanquished.

Vanquished Creatures (collateral kills)
  A worm (D:2)
1 creature vanquished.

Grand Total: 61 creatures vanquished

Notes
Turn   | Place    | Note
-------+----------+-------------------------------------------
     0 | D:1      | Kobolds4U the Deep Elf Wizard began the quest for the Orb.
     0 | D:1      | Reached XP level 1. HP: 10/10 MP: 7/7
   252 | D:1      | Reached skill level 1 in Short Blades
   436 | D:1      | Reached XP level 2. HP: 15/15 MP: 6/9
   697 | D:1      | You fall into a shaft and drop 1 floor!
  1332 | D:2      | Reached skill level 5 in Spellcasting
  1397 | D:2      | Reached XP level 3. HP: 15/19 MP: 1/11
  1505 | D:2      | Learned a level 2 spell: Blink
  1714 | D:2      | Learned a level 2 spell: Call Imp
  1717 | D:2      | Learned a level 2 spell: Slow
  1721 | D:2      | Learned a level 3 spell: Conjure Flame
  2194 | D:2      | Reached XP level 4. HP: 24/24 MP: 11/13
  2348 | D:2      | Found a sparkling altar of Nemelex Xobeh.
  2368 | D:2      | Found a radiant altar of Vehumet.
  2375 | D:2      | Found an ornate altar of the Wu Jian Council.
  2377 | D:2      | Found a hide-covered altar of Uskayaw.
  2378 | D:2      | Found a snail-covered altar of Cheibriados.
  2488 | D:2      | Became a worshipper of Vehumet
  3061 | D:3      | Reached XP level 5. HP: 28/28 MP: 1/14
  3353 | D:3      | Killed from afar by an orc priest

Levels and vault maps discovered:
D:1:      lightli_arrival_lavapool, layout_basic, hex_large
D:2:      minmay_spotlight, layout_rooms, minmay_overflow_temple_star_hex,
          first_ration
D:3:      layout_basic

Skill      XL: |  1  2  3  4 |
---------------+-------------+-----
Short Blades   | 1 2 3 4 |  4.4
Spellcasting   | 5 |  5.0
Dodging        | |  2.4
Stealth        | |  2.4
Conjurations   | |  1.1
Summonings     | |  1.1
Translocations | |  1.1

Action                   |  1- 3 |  4- 6 || total
-------------------------+-------+-------++-------
Melee: Dagger            |    27 |       ||    27
       Short sword       |    14 |    31 ||    45
 Cast: Magic Dart        |    82 |    46 ||   128
       Conjure Flame     |     1 |     1 ||     2
       Blink             |     1 |       ||     1
       Call Imp          |       |     2 ||     2
       Slow              |       |     1 ||     1
 Stab: Sleeping          |     6 |     2 ||     8
  Eat: Chunk             |     4 |     3 ||     7
Armor: Robe              |     4 |    13 ||    17
Dodge: Dodged            |    43 |    36 ||    79
